[Event "FIDE Womens Grand Swiss 2023"]
[Site "Douglas/Isle of Man"]
[Date "2023.11.02"]
[Round "8.9"]
[White "Efroimski, Marsel"]
[Black "Fataliyeva, Ulviyya"]
[Result "1-0"]
[ECO "A14"]
[WhiteElo "2447"]
[BlackElo "2393"]
[Annotator "ChessBase"]
[PlyCount "117"]
[EventDate "2023.10.04"]
[EventType "swiss"]
[EventCountry "GBR"]
[SourceTitle "playchess.com"]
[Source "ChessBase"]
[SourceQuality "1"]
[TimeControl "40/6000+30:20/3000+30:900+30"]

1. Nf3 d5 2. g3 Nf6 3. Bg2 e6 4. O-O Be7 5. c4 O-O 6. b3 c5 7. Bb2 Nc6 8. cxd5 Nxd5 9. d4 cxd4 10. Nxd4 Bd7 11. e4 Ndb4 12. a3 Nxd4 13. Qxd4 e5 14. Qd1 Nc6 15. Nc3 Bc5 16. Nd5 a6 17. Rc1 Ba7 18. Kh1 f6 19. f4 Bd4 20. Bxd4 exd4 21. f5 Be8 22. b4 Qd6 23. Qd2 Bf7 24. Rc5 Rfe8 25. Rfc1 Re5 26. a4 Rae8 27. b5 axb5 28. axb5 Ne7 29. Nxe7+ R5xe7 30. Qd3 h5 31. Bf3 g5 32. fxg6 Bxg6 33. Rc8 Kg7 34. Rxe8 Rxe8 35. Qc2 Re7 36. Qc5 Qxc5 37. Rxc5 Rd7 38. b6 Kf8 39. Rc7 Ke8 40. e5 d3 41. e6 Rh7 42. Kg1 d2 43. Kf2 Be4 44. Bd1 h4 45. gxh4 Kd8 46. Ke3 Bf5 47. Rxh7 Bxh7 48. Kxd2 Ke7 49. Bf3 Bf5 50. Bd5 Bg4 51. h5 Bxh5 52. Bxb7 Kxe6 53. Bd5+ Kd6 54. Ke3 Bg4 55. b7 Kc7 56. h4 Bh5 57. Kf4 Bg6 58. Be4 Bh5 59. Kf5 1-0

[Event "FIDE Womens Grand Swiss 2023"]
[Site "Douglas/Isle of Man"]
[Date "2023.11.02"]
[Round "8.10"]
[White "Javakhishvili, Lela"]
[Black "Cramling, Pia"]
[Result "1/2-1/2"]
[ECO "D02"]
[WhiteElo "2437"]
[BlackElo "2446"]
[Annotator "ChessBase"]
[PlyCount "85"]
[EventDate "2023.10.04"]
[EventType "swiss"]
[EventCountry "GBR"]
[SourceTitle "playchess.com"]
[Source "ChessBase"]
[SourceQuality "1"]
[TimeControl "40/6000+30:20/3000+30:900+30"]

1. d4 d5 2. Nf3 Nf6 3. Bf4 c5 4. e3 Nc6 5. Nbd2 Nh5 6. dxc5 Nxf4 7. exf4 Qa5 8. c4 e6 9. cxd5 exd5 10. Bd3 Qxc5 11. O-O Be7 12. Rc1 Qd6 13. Ne5 O-O 14. Re1 g6 15. Ndf3 Nxe5 16. Nxe5 Bf6 17. Qa4 Be6 18. Rc2 Rfd8 19. h4 Bd7 20. Nxd7 Qxd7 21. Qxd7 Rxd7 22. g3 Kf8 23. Kg2 Rad8 24. h5 Rd6 25. g4 Rc6 26. Rce2 Rb6 27. b3 gxh5 28. g5 Bc3 29. Rc1 Bb4 30. Rh1 Bd6 31. f5 Bf4 32. Rxh5 h6 33. g6 Bg5 34. Rh1 Kg7 35. Rd1 Rc6 36. f4 Bxf4 37. Re7 Rf8 38. Rxb7 Rc7 39. Rxc7 Bxc7 40. Bb1 fxg6 41. fxg6 Rd8 42. b4 d4 43. a4 1/2-1/2

[Event "FIDE Womens Grand Swiss 2023"]
[Site "Douglas/Isle of Man"]
[Date "2023.11.02"]
[Round "8.11"]
[White "Dronavalli, Harika"]
[Black "Injac, Teodora"]
[Result "1/2-1/2"]
[ECO "E06"]
[WhiteElo "2502"]
[BlackElo "2426"]
[Annotator "ChessBase"]
[PlyCount "55"]
[EventDate "2023.10.04"]
[EventType "swiss"]
[EventCountry "GBR"]
[SourceTitle "playchess.com"]
[Source "ChessBase"]
[SourceQuality "1"]
[TimeControl "40/6000+30:20/3000+30:900+30"]

1. Nf3 d5 2. d4 Nf6 3. g3 e6 4. Bg2 Be7 5. c4 O-O 6. O-O a5 7. Qc2 c6 8. Nbd2 Na6 9. e4 Nb4 10. Qb1 c5 11. e5 Nd7 12. a3 Nc6 13. dxc5 Nxc5 14. b3 Qb6 15. Qc2 d4 16. Rb1 Rd8 17. Bb2 d3 18. Qd1 Bd7 19. Bc3 Be8 20. Qe1 Na6 21. Bb2 h6 22. Qe4 Nc5 23. Qg4 Kh8 24. Bc3 Na6 25. Bb2 Nc5 26. Bc3 Na6 27. Bb2 Nc5 28. Bc3 1/2-1/2

[Event "FIDE Womens Grand Swiss 2023"]
[Site "Douglas/Isle of Man"]
[Date "2023.11.02"]
[Round "8.12"]
[White "Gunina, Valentina"]
[Black "Paehtz, Elisabeth"]
[Result "1/2-1/2"]
[ECO "D37"]
[WhiteElo "2439"]
[BlackElo "2484"]
[Annotator "ChessBase"]
[PlyCount "153"]
[EventDate "2023.10.04"]
[EventType "swiss"]
[EventCountry "GBR"]
[SourceTitle "playchess.com"]
[Source "ChessBase"]
[SourceQuality "1"]
[TimeControl "40/6000+30:20/3000+30:900+30"]

1. d4 d5 2. c4 e6 3. Nf3 Nf6 4. Nc3 Be7 5. Bf4 O-O 6. e3 Nbd7 7. a3 c5 8. cxd5 Nxd5 9. Nxd5 exd5 10. dxc5 Nxc5 11. Rc1 Bf5 12. Be2 Ne6 13. Be5 Bf6 14. O-O Bxe5 15. Nxe5 d4 16. Bc4 dxe3 17. fxe3 Qg5 18. Qf3 Bg6 19. Nxg6 hxg6 20. Bd5 Qe5 21. h4 Rad8 22. Rcd1 b6 23. b4 Rd7 24. e4 Rc7 25. Rd3 Rfc8 26. Qg3 Qxg3 27. Rxg3 Rc1 28. Rxc1 Rxc1+ 29. Kh2 Nf8 30. Rf3 Rc7 31. Kg3 Nh7 32. Bb3 Nf6 33. Kf4 Re7 34. e5 Nh5+ 35. Ke4 Nf6+ 36. Kd4 Ng4 37. Bd5 Kf8 38. Rc3 Rd7 39. Rg3 Nh6 40. Ke4 Nf5 41. Rc3 Ne7 42. Bb3 Nf5 43. g3 Ke7 44. Bd5 Nh6 45. a4 Ng4 46. a5 Nf2+ 47. Kd4 bxa5 48. bxa5 Ng4 49. a6 Nh6 50. Rb3 f6 51. Rb7 Kd8 52. Rb8+ Ke7 53. Kc5 Rc7+ 54. Bc6 fxe5 55. g4 Nxg4 56. Rb7 Kd8 57. Kd6 Ne3 58. Be4 Nc4+ 59. Kd5 Ne3+ 60. Kxe5 Rxb7 61. axb7 Kc7 62. Bxg6 Kxb7 63. Ke6 Kc7 64. Be4 Ng4 65. Kf7 Nf6 66. Bf3 Kd6 67. Kxg7 Ke7 68. Bd1 a5 69. Kg6 Kf8 70. Bb3 a4 71. Ba2 Ng4 72. h5 a3 73. Bb3 Ne5+ 74. Kh7 Ng4 75. Kg6 Ne5+ 76. Kh6 Ng4+ 77. Kg6 1/2-1/2

[Event "FIDE Womens Grand Swiss 2023"]
[Site "Douglas/Isle of Man"]
[Date "2023.11.02"]
[Round "8.13"]
[White "Batsiashvili, Nino"]
[Black "Socko, Monika"]
[Result "0-1"]
[ECO "E11"]
[WhiteElo "2475"]
[BlackElo "2380"]
[Annotator "ChessBase"]
[PlyCount "158"]
[EventDate "2023.10.04"]
[EventType "swiss"]
[EventCountry "GBR"]
[SourceTitle "playchess.com"]
[Source "ChessBase"]
[SourceQuality "1"]
[TimeControl "40/6000+30:20/3000+30:900+30"]

1. d4 Nf6 2. c4 e6 3. Nf3 Bb4+ 4. Bd2 Qe7 5. e3 b6 6. Be2 Bb7 7. O-O Bxd2 8. Nfxd2 O-O 9. Nc3 c5 10. Bf3 Bxf3 11. Nxf3 d6 12. Qa4 Rc8 13. Rad1 Nbd7 14. Qa3 Qf8 15. Rd2 cxd4 16. Rxd4 Ne5 17. Nd2 Nc6 18. Rxd6 Ne8 19. Rd3 Qxa3 20. bxa3 Ne5 21. Rd4 Nc6 22. Rf4 Nd6 23. Nb5 Rd8 24. Nxd6 Rxd6 25. Nb3 Rd3 26. Rc1 e5 27. Rh4 a5 28. c5 a4 29. Na1 Rad8 30. Rf1 b5 31. Nc2 Rc3 32. Nb4 Rxc5 33. Nxc6 Rxc6 34. Rb4 Rc5 35. g4 Rd2 36. Rfb1 f6 37. Rxb5 Rxb5 38. Rxb5 Rxa2 39. Rb8+ Kf7 40. Rb7+ Kg6 41. Ra7 Rxa3 42. Kg2 Ra1 43. h4 a3 44. Kf3 a2 45. h5+ Kh6 46. Ke4 Rg1 47. Rxa2 Rxg4+ 48. f4 Rh4 49. Ra5 exf4 50. exf4 Rxh5 51. Ra1 Rh4 52. Kf3 g5 53. fxg5+ fxg5 54. Ra7 Rb4 55. Kg3 Kg6 56. Ra3 Rb6 57. Kh3 h5 58. Rc3 h4 59. Rc8 Rb3+ 60. Kg2 Re3 61. Ra8 Kf5 62. Kf2 Re4 63. Kf3 Rf4+ 64. Kg2 Kg4 65. Ra3 Rb4 66. Ra2 h3+ 67. Kf2 Kh4 68. Ra8 Rb2+ 69. Kg1 Re2 70. Ra4+ g4 71. Rb4 Kg3 72. Rb3+ Kf4 73. Rb4+ Kf3 74. Rb3+ Re3 75. Rb1 g3 76. Rf1+ Ke4 77. Ra1 Rd3 78. Rb1 Kf3 79. Re1 Rd6 0-1

[Event "FIDE Womens Grand Swiss 2023"]
[Site "Douglas/Isle of Man"]
[Date "2023.11.02"]
[Round "8.14"]
[White "Wagner, Dinara"]
[Black "Kamalidenova, Meruert"]
[Result "1/2-1/2"]
[ECO "E06"]
[WhiteElo "2461"]
[BlackElo "2351"]
[Annotator "ChessBase"]
[PlyCount "71"]
[EventDate "2023.10.04"]
[EventType "swiss"]
[EventCountry "GBR"]
[SourceTitle "playchess.com"]
[Source "ChessBase"]
[SourceQuality "1"]
[TimeControl "40/6000+30:20/3000+30:900+30"]

1. d4 Nf6 2. c4 e6 3. Nf3 d5 4. g3 Be7 5. Bg2 O-O 6. Qb3 c6 7. O-O a5 8. Bf4 Nbd7 9. Nc3 b6 10. cxd5 exd5 11. Ne5 Bb7 12. Rfd1 b5 13. e4 Nb6 14. Rac1 b4 15. exd5 cxd5 16. Nb5 a4 17. Qf3 Nc8 18. Rc7 Rb8 19. Bg5 Ba8 20. Bxf6 Bxf6 21. Rd7 Qa5 22. Nc7 Bxe5 23. Nxa8 Qxa8 24. dxe5 b3 25. e6 Nb6 26. Rxf7 bxa2 27. Rxf8+ Rxf8 28. Qa3 Qc6 29. e7 Re8 30. Re1 Kf7 31. Bh3 a1=Q 32. Qf3+ Qf6 33. Qh5+ Qg6 34. Qf3+ Qf6 35. Qh5+ Qg6 36. Qf3+ 1/2-1/2

[Event "FIDE Womens Grand Swiss 2023"]
[Site "Douglas/Isle of Man"]
[Date "2023.11.02"]
[Round "8.15"]
[White "Mammadzada, Gunay"]
[Black "Terbe, Julianna"]
[Result "1-0"]
[ECO "D45"]
[WhiteElo "2441"]
[BlackElo "2266"]
[Annotator "ChessBase"]
[PlyCount "61"]
[EventDate "2023.10.04"]
[EventType "swiss"]
[EventCountry "GBR"]
[SourceTitle "playchess.com"]
[Source "ChessBase"]
[SourceQuality "1"]
[TimeControl "40/6000+30:20/3000+30:900+30"]

1. d4 d5 2. c4 c6 3. Nc3 Nf6 4. e3 e6 5. Nf3 a6 6. b3 Bb4 7. Bd2 Nbd7 8. Bd3 O-O 9. O-O Bd6 10. e4 dxc4 11. Bxc4 e5 12. d5 Nc5 13. dxc6 bxc6 14. Qc2 Bg4 15. Ne1 Ne6 16. f3 Nd4 17. Qd3 Bc5 18. Kh1 Be6 19. Na4 Ba7 20. Bb4 Re8 21. Bxe6 Rxe6 22. Nc5 Nh5 23. Nxe6 Qh4 24. f4 fxe6 25. fxe5 Ne2 26. Rf3 Nhf4 27. Qxa6 Qd8 28. Qc4 Qg5 29. Rd1 Qxe5 30. Qxc6 Rb8 31. Bd6 1-0

[Event "FIDE Womens Grand Swiss 2023"]
[Site "Douglas/Isle of Man"]
[Date "2023.11.02"]
[Round "8.16"]
[White "Hoang, Thanh Trang"]
[Black "Guichard, Pauline"]
[Result "0-1"]
[ECO "E05"]
[WhiteElo "2398"]
[BlackElo "2358"]
[Annotator "ChessBase"]
[PlyCount "146"]
[EventDate "2023.10.04"]
[EventType "swiss"]
[EventCountry "GBR"]
[SourceTitle "playchess.com"]
[Source "ChessBase"]
[SourceQuality "1"]
[TimeControl "40/6000+30:20/3000+30:900+30"]

1. d4 Nf6 2. Nf3 d5 3. c4 e6 4. g3 Be7 5. Bg2 O-O 6. O-O dxc4 7. Qc2 b5 8. a4 b4 9. Nfd2 Nd5 10. Nxc4 c5 11. e4 Nb6 12. dxc5 Nxc4 13. e5 Ba6 14. Bxa8 Nd7 15. Bg2 Nxc5 16. Rd1 b3 17. Qe2 Qb8 18. Nc3 Na3 19. Qh5 Nc2 20. Rb1 g6 21. Qh6 Qxe5 22. Bf4 Qf5 23. Bh3 Qf6 24. Rd5 Nd4 25. Bg4 Nf3+ 26. Bxf3 exd5 27. Nxd5 Qe6 28. Bd2 Re8 29. Nc7 Qf5 30. Re1 Rd8 31. Rxe7 Qxf3 32. Ne8 Qd1+ 33. Re1 Qxe1+ 34. Bxe1 Rxe8 35. Bc3 Ne6 36. Qe3 Rd8 37. Qxa7 Rd1+ 38. Kg2 Bf1+ 39. Kf3 f5 40. Qb8+ Rd8 41. Qxd8+ Nxd8 42. Kf4 Nc6 43. h4 h5 44. a5 Kf7 45. f3 Be2 46. Ke3 Ba6 47. Kf4 Ke6 48. g4 fxg4 49. fxg4 hxg4 50. Kxg4 Be2+ 51. Kf4 Kd5 52. Ke3 Bh5 53. a6 Kd6 54. Kd3 Kc7 55. Kc4 Bd1 56. Kc5 Be2 57. Kd5 Bxa6 58. Bf6 Kd7 59. Bc3 Be2 60. Bf6 Bg4 61. Kc4 Be6+ 62. Kc5 Bg8 63. Bc3 Ne7 64. Kd4 Ke6 65. Ke4 Nd5 66. Bd4 Bf7 67. Bh8 Be8 68. Bd4 Bb5 69. Bh8 Be2 70. Kd4 Bd1 71. Ke4 Bc2+ 72. Kf3 Kf5 73. Bd4 Bd1+ 0-1

[Event "FIDE Womens Grand Swiss 2023"]
[Site "Douglas/Isle of Man"]
[Date "2023.11.02"]
[Round "8.17"]
[White "Danielian, Elina"]
[Black "Aulia, Medina Warda"]
[Result "0-1"]
[ECO "A30"]
[WhiteElo "2416"]
[BlackElo "2362"]
[Annotator "ChessBase"]
[PlyCount "50"]
[EventDate "2023.10.04"]
[EventType "swiss"]
[EventCountry "GBR"]
[SourceTitle "playchess.com"]
[Source "ChessBase"]
[SourceQuality "1"]
[TimeControl "40/6000+30:20/3000+30:900+30"]

1. Nf3 Nf6 2. g3 b6 3. Bg2 Bb7 4. c4 c5 5. O-O g6 6. Nc3 Bg7 7. d4 cxd4 8. Qxd4 O-O 9. Qh4 d6 10. Rd1 Nbd7 11. Bh6 Re8 12. Rac1 Rc8 13. b3 a6 14. Bh3 Rc5 15. g4 Bxf3 16. exf3 Ne5 17. Bg2 g5 18. Qh3 Ng6 19. Bxg7 Kxg7 20. Bf1 h5 21. Bd3 Nf4 22. Qf1 hxg4 23. fxg4 Nxg4 24. Nd5 Rh8 25. Bf5 Nxh2 0-1

[Event "FIDE Womens Grand Swiss 2023"]
[Site "Douglas/Isle of Man"]
[Date "2023.11.02"]
[Round "8.18"]
[White "Tania, Sachdev"]
[Black "Mkrtchyan, Mariam"]
[Result "1-0"]
[ECO "D38"]
[WhiteElo "2389"]
[BlackElo "2343"]
[Annotator "ChessBase"]
[PlyCount "129"]
[EventDate "2023.10.04"]
[EventType "swiss"]
[EventCountry "GBR"]
[SourceTitle "playchess.com"]
[Source "ChessBase"]
[SourceQuality "1"]
[TimeControl "40/6000+30:20/3000+30:900+30"]

1. d4 Nf6 2. c4 e6 3. Nf3 d5 4. Nc3 Bb4 5. Qa4+ Nc6 6. a3 Bxc3+ 7. bxc3 Bd7 8. cxd5 exd5 9. Bg5 h6 10. Bh4 g5 11. Bg3 Ne4 12. Qb3 Bf5 13. Qxb7 Na5 14. Qxc7 Qxc7 15. Bxc7 Nc4 16. e3 Nxc3 17. Ne5 Rc8 18. Bxc4 Rxc7 19. Rc1 f6 20. Rxc3 fxe5 21. Bb5+ Kd8 22. Kd2 Rb7 23. Rc5 exd4 24. exd4 Be6 25. Re1 Bf7 26. a4 Rg8 27. Rec1 Be6 28. Rc6 Rg6 29. Rd6+ Ke7 30. Rcc6 Rf6 31. f3 h5 32. Ra6 g4 33. f4 Rb6 34. Rdxb6 axb6 35. g3 Bf5 36. Ra8 h4 37. Ra7+ Kd8 38. Ra8+ Ke7 39. Rh8 h3 40. Rg8 Re6 41. Re8+ Kf7 42. Rxe6 Kxe6 43. Be2 Kd6 44. Kc3 Kd7 45. Bd3 Bxd3 46. Kxd3 Ke6 47. Kc3 Kf5 48. Kb4 Ke4 49. f5 Kxf5 50. Kb5 Ke4 51. Kxb6 Kf3 52. a5 Kg2 53. a6 Kxh2 54. a7 Kg1 55. a8=Q h2 56. Qxd5 h1=Q 57. Qxh1+ Kxh1 58. d5 Kg2 59. d6 Kxg3 60. d7 Kf2 61. d8=Q g3 62. Qd2+ Kf1 63. Qf4+ Kg2 64. Kc5 Kh1 65. Qh4+ 1-0

[Event "FIDE Womens Grand Swiss 2023"]
[Site "Douglas/Isle of Man"]
[Date "2023.11.02"]
[Round "8.19"]
[White "Vantika Agrawal"]
[Black "Savitha Shri B"]
[Result "1/2-1/2"]
[ECO "E05"]
[WhiteElo "2435"]
[BlackElo "2375"]
[Annotator "ChessBase"]
[PlyCount "68"]
[EventDate "2023.10.04"]
[EventType "swiss"]
[EventCountry "GBR"]
[SourceTitle "playchess.com"]
[Source "ChessBase"]
[SourceQuality "1"]
[TimeControl "40/6000+30:20/3000+30:900+30"]

1. d4 Nf6 2. c4 e6 3. Nf3 d5 4. g3 Be7 5. Bg2 O-O 6. O-O dxc4 7. Qa4 a6 8. Qxc4 b5 9. Qc2 Bb7 10. Bd2 Be4 11. Qc1 c6 12. Be3 Nd5 13. Nbd2 Nxe3 14. fxe3 Bxf3 15. Bxf3 Qb6 16. a4 Ra7 17. a5 Qd8 18. Qc3 b4 19. Qd3 c5 20. Nb3 Rd7 21. Rac1 cxd4 22. exd4 Bd6 23. Rc4 Qg5 24. Rfc1 Rdd8 25. Kg2 h5 26. Qe4 Nd7 27. Kf2 Nf6 28. Qe3 Qf5 29. Kg2 h4 30. Qd3 Qg5 31. Qd2 Qg6 32. Qc2 Qg5 33. Qd2 Qg6 34. Qc2 Qg5 1/2-1/2

[Event "FIDE Womens Grand Swiss 2023"]
[Site "Douglas/Isle of Man"]
[Date "2023.11.02"]
[Round "8.20"]
[White "Kiolbasa, Oliwia"]
[Black "Matnadze Bujiashvili, Ann"]
[Result "1-0"]
[ECO "B15"]
[WhiteElo "2375"]
[BlackElo "2400"]
[Annotator "ChessBase"]
[PlyCount "89"]
[EventDate "2023.10.04"]
[EventType "swiss"]
[EventCountry "GBR"]
[SourceTitle "playchess.com"]
[Source "ChessBase"]
[SourceQuality "1"]
[TimeControl "40/6000+30:20/3000+30:900+30"]

1. e4 c6 2. d4 d5 3. Nd2 dxe4 4. Nxe4 Nf6 5. Nxf6+ exf6 6. c3 Bd6 7. Bd3 O-O 8. Qc2 Re8+ 9. Be3 g6 10. Ne2 f5 11. O-O-O Qa5 12. Kb1 Be6 13. c4 Na6 14. a3 Bf8 15. h4 b5 16. d5 cxd5 17. cxb5 Rac8 18. Qd2 Bb4 19. axb4 Nxb4 20. b3 Rc2 21. Qxc2 Nxc2 22. Bxc2 Qxb5 23. Nd4 Qb8 24. h5 Bd7 25. hxg6 fxg6 26. Rh6 a5 27. Rdh1 Re7 28. Bg5 Rf7 29. Bc1 Qb4 30. Bb2 Re7 31. Nf3 Be8 32. R6h4 Qb6 33. Nd4 h5 34. R4h3 Qb4 35. Bc3 Qb6 36. Rg3 Kf7 37. Bxf5 gxf5 38. Rxh5 Re5 39. Rh7+ Kf8 40. Rh8+ Kf7 41. Rh7+ Kf8 42. Bb2 Qb4 43. Nc2 f4 44. Rh8+ Kf7 45. Rg7+ 1-0

[Event "FIDE Womens Grand Swiss 2023"]
[Site "Douglas/Isle of Man"]
[Date "2023.11.02"]
[Round "8.21"]
[White "Roebers, Eline"]
[Black "Sandu, Mihaela"]
[Result "1-0"]
[ECO "E90"]
[WhiteElo "2390"]
[BlackElo "2298"]
[Annotator "ChessBase"]
[PlyCount "99"]
[EventDate "2023.10.04"]
[EventType "swiss"]
[EventCountry "GBR"]
[SourceTitle "playchess.com"]
[Source "ChessBase"]
[SourceQuality "1"]
[TimeControl "40/6000+30:20/3000+30:900+30"]

1. d4 c5 2. d5 Nf6 3. c4 g6 4. Nc3 d6 5. e4 Bg7 6. Nf3 a6 7. a4 O-O 8. Bd3 e5 9. h3 Nh5 10. Bc2 Nf4 11. g3 Nxh3 12. Be3 Bg4 13. Bd3 f5 14. exf5 gxf5 15. Rxh3 Bxh3 16. Ng5 Bg4 17. f3 e4 18. fxg4 exd3 19. Ne6 Qe7 20. Qxd3 Nd7 21. gxf5 Rf7 22. O-O-O b5 23. g4 Ne5 24. Qe4 bxc4 25. g5 Nd3+ 26. Rxd3 cxd3 27. f6 Bxf6 28. gxf6 Qxf6 29. Qg4+ Kh8 30. Ne4 Qf1+ 31. Qd1 Rb8 32. Nxd6 Qxd1+ 33. Kxd1 Rf1+ 34. Kd2 Rxb2+ 35. Kxd3 Rb3+ 36. Ke4 h5 37. Nf4 Re1 38. Nf5 Rb4+ 39. Kf3 Rf1+ 40. Kg3 Rxa4 41. d6 Ra3 42. Kg2 Rxe3 43. Kxf1 Re8 44. Ne6 c4 45. d7 Rb8 46. Ne7 c3 47. Nc8 Rb1+ 48. Ke2 Rb2+ 49. Ke3 Rd2 50. Nd4 1-0

[Event "FIDE Womens Grand Swiss 2023"]
[Site "Douglas/Isle of Man"]
[Date "2023.11.02"]
[Round "8.22"]
[White "Beydullayeva, Govhar"]
[Black "Arakhamia-Grant, Ketevan"]
[Result "1-0"]
[ECO "E62"]
[WhiteElo "2383"]
[BlackElo "2297"]
[Annotator "ChessBase"]
[PlyCount "81"]
[EventDate "2023.10.04"]
[EventType "swiss"]
[EventCountry "GBR"]
[SourceTitle "playchess.com"]
[Source "ChessBase"]
[SourceQuality "1"]
[TimeControl "40/6000+30:20/3000+30:900+30"]

1. Nf3 Nf6 2. g3 g6 3. d4 Bg7 4. c4 O-O 5. Bg2 d6 6. Nc3 c6 7. O-O Bf5 8. Nh4 Be6 9. d5 cxd5 10. cxd5 Bd7 11. Be3 a5 12. a4 Na6 13. Nf3 Rc8 14. h3 Nc5 15. Nd4 Ne8 16. Nb3 Qb6 17. Ra3 Qa6 18. Nxc5 dxc5 19. Bg5 f6 20. Bf4 Nd6 21. e4 Rfd8 22. Re1 e5 23. dxe6 Bxe6 24. Nd5 Nf7 25. g4 c4 26. Qe2 Rd7 27. Bg3 Ne5 28. Bxe5 fxe5 29. g5 Qa7 30. h4 Rf7 31. Bh3 Bxh3 32. Rxh3 Rcf8 33. Rf1 Qc5 34. h5 gxh5 35. Qxh5 Bh8 36. Ne3 Qc6 37. Nf5 Qg6 38. Qxg6+ hxg6 39. Nh6+ Kg7 40. Nxf7 Rxf7 41. Rc1 1-0

[Event "FIDE Womens Grand Swiss 2023"]
[Site "Douglas/Isle of Man"]
[Date "2023.11.02"]
[Round "8.23"]
[White "Kosteniuk, Alexandra"]
[Black "Kanyamarala, Trisha"]
[Result "1-0"]
[ECO "B08"]
[WhiteElo "2523"]
[BlackElo "2184"]
[Annotator "ChessBase"]
[PlyCount "109"]
[EventDate "2023.10.04"]
[EventType "swiss"]
[EventCountry "GBR"]
[SourceTitle "playchess.com"]
[Source "ChessBase"]
[SourceQuality "1"]
[TimeControl "40/6000+30:20/3000+30:900+30"]

1. e4 c5 2. Nf3 d6 3. d4 cxd4 4. Qxd4 Nc6 5. Qd3 g6 6. Be2 Bg7 7. Nc3 Nf6 8. O-O O-O 9. Nd5 Nd7 10. c3 Nc5 11. Qc2 e6 12. Nf4 Qc7 13. Rd1 Rd8 14. Nd4 Qe7 15. Be3 Nd7 16. Nb5 Nf6 17. Qa4 a6 18. Bb6 Rd7 19. Na3 Rb8 20. Nd3 Qf8 21. Bf3 e5 22. c4 Nd4 23. Bxd4 exd4 24. Nb4 b5 25. cxb5 axb5 26. Qb3 Bb7 27. Nd5 Rdd8 28. Nxb5 Nxd5 29. exd5 Ba6 30. a4 Bxb5 31. axb5 Qe8 32. b6 Rb7 33. Re1 Qd7 34. Ra6 Rdb8 35. Rc1 Bf6 36. Be2 Qd8 37. Rc6 Qe7 38. Bf1 Qe5 39. g3 h5 40. Qb4 Be7 41. Qc4 Bd8 42. Rc8 Kh7 43. Ra7 Bxb6 44. Rxb8 Rxb8 45. Rxf7+ Kg8 46. Rf3 Bc5 47. Qa4 Qe4 48. Rf4 Qe7 49. Qc2 Kg7 50. Bd3 Qe1+ 51. Kg2 Qe8 52. Re4 Qf7 53. Re6 Rf8 54. Qe2 g5 55. Re7 1-0

[Event "FIDE Womens Grand Swiss 2023"]
[Site "Douglas/Isle of Man"]
[Date "2023.11.02"]
[Round "8.24"]
[White "Nassr, Lina"]
[Black "Divya Deshmukh"]
[Result "0-1"]
[ECO "A35"]
[WhiteElo "2066"]
[BlackElo "2408"]
[Annotator "ChessBase"]
[PlyCount "126"]
[EventDate "2023.10.04"]
[EventType "swiss"]
[EventCountry "GBR"]
[SourceTitle "playchess.com"]
[Source "ChessBase"]
[SourceQuality "1"]
[TimeControl "40/6000+30:20/3000+30:900+30"]

1. d4 Nf6 2. Nf3 d5 3. e3 c5 4. c4 cxd4 5. exd4 g6 6. Qb3 e6 7. Nc3 Nc6 8. cxd5 Nxd5 9. Bb5 Bg7 10. Bg5 f6 11. Nxd5 exd5 12. Be3 O-O 13. Rc1 Bg4 14. Be2 Na5 15. Qa4 a6 16. Bd2 Nc6 17. O-O f5 18. Rc5 Kh8 19. Qb3 Qe7 20. Re1 Nxd4 21. Nxd4 Qxc5 22. Ne6 Qc6 23. Nxf8 Rxf8 24. f3 Bh5 25. g4 Bd4+ 26. Be3 Qc5 27. Bd1 Re8 28. gxh5 Bxe3+ 29. Kg2 d4 30. Qxb7 gxh5 31. Bb3 Qd6 32. Qf7 Rf8 33. Qd5 Qf6 34. Qe6 Qg7+ 35. Kh1 h4 36. Qxa6 h3 37. Qf1 Qh6 38. Qc4 Rd8 39. Qc7 Re8 40. Qg3 Qh5 41. Rf1 f4 42. Qg4 Qxg4 43. fxg4 Rb8 44. g5 Rb6 45. Bc2 Rxb2 46. Bf5 Rxa2 47. Bxh3 Ra5 48. Kg2 Rxg5+ 49. Kf3 Rh5 50. Kg4 Rh6 51. Rb1 d3 52. Bf1 d2 53. h3 Rg6+ 54. Kf3 Rg1 55. Rd1 Kg7 56. Ke4 Kf6 57. Rb1 Rh1 58. Kf3 Ke5 59. Rd1 Kd4 60. Kg2 Rg1+ 61. Kf3 Kc3 62. Be2 Re1 63. h4 Kc2 0-1

[Event "FIDE Womens Grand Swiss 2023"]
[Site "Douglas/Isle of Man"]
[Date "2023.11.02"]
[Round "8.25"]
[White "Lee, Alice"]
[Black "Gomez Barrera, Javiera Belen"]
[Result "1/2-1/2"]
[ECO "D35"]
[WhiteElo "2388"]
[BlackElo "2266"]
[Annotator "ChessBase"]
[PlyCount "60"]
[EventDate "2023.10.04"]
[EventType "swiss"]
[EventCountry "GBR"]
[SourceTitle "playchess.com"]
[Source "ChessBase"]
[SourceQuality "1"]
[TimeControl "40/6000+30:20/3000+30:900+30"]

1. d4 d5 2. c4 e6 3. Nc3 Nf6 4. cxd5 exd5 5. Bg5 c6 6. e3 h6 7. Bh4 Be7 8. Bd3 O-O 9. Nf3 Ne4 10. Bxe7 Qxe7 11. Qc2 Re8 12. Bxe4 dxe4 13. Nd2 Bf5 14. O-O Nd7 15. Nc4 Qe6 16. Ne2 Nf6 17. Ng3 Bh7 18. b4 h5 19. Na5 h4 20. Ne2 Nd5 21. Nxb7 h3 22. a3 hxg2 23. Rfc1 Qg4 24. Ng3 Qh3 25. Qe2 Nf6 26. Rc5 Bg6 27. Rg5 Qh4 28. Rc5 Qh3 29. Rg5 Qh4 30. Rc5 Qh3 1/2-1/2